 Dungeon Crawl Stone Soup version 0.27-a0-1565-gad902ab807 (webtiles) character file.

Game seed: 17211123372679589937

32 gimp the Skirmisher (level 3, -3/30 HPs)
             Began as a Formicid Monk on July 16, 2021.
             Slain by a water moccasin (5 damage)
             ... on level 4 of the Dungeon.
             The game lasted 00:02:10 (1498 turns).

gimp the Skirmisher (Formicid Monk)                 Turns: 1498, Time: 00:02:10

Health: -3/30      AC:  8    Str: 16    XL:     3   Next: 45%
Magic:  3/3        EV:  7    Int:  9    God:
Gold:   39         SH:  0    Dex: 13    Spells: 2/2 levels left

rFire    . . .     SeeInvis +   a - +0 hand axe
rCold    . . .     Faith    .   (no shield)
rNeg     . . .     Spirit   .   k - +0 chain mail
rPois    .         Reflect  .   (helmet unavailable)
rElec    .         Harm     .   (no cloak)
rCorr    .         Rampage  .   (no gloves)
Will     .....                  (no boots)
Stlth    ..........             (no amulet)
HPRegen  0.10/turn              (no ring)
MPRegen  0.08/turn              (no ring)

@: no status effects
A: permanent stasis, dig shafts and tunnels, antennae 3, four strong arms
a: Dig, Shaft Self


You were on level 4 of the Dungeon.
You visited 1 branch of the dungeon, and saw 3 of its levels.

You collected 39 gold pieces.

Inventory:

Hand Weapons
 a - a +0 hand axe (weapon)
Armour
 k - a +0 chain mail (worn)
Jewellery
 b - a ring of ice
 h - a ring of poison resistance
Scrolls
 e - a scroll of summoning {unknown}
 f - 2 scrolls of fog {unknown}
 g - 4 scrolls of identify {unknown}
Potions
 i - a potion of brilliance {unknown}
 j - a potion of heal wounds {unknown}


   Skills:
 * Level 3.9 Fighting
 * Level 3.5 Axes
 + Level 1.2 Armour
 - Level 2.6 Dodging
 - Level 2.4 Stealth


You had 2 spell levels left.
You didn't know any spells.
Your spell library contained the following spells:

 Spells                   Type           Power      Damage    Failure   Level
 Magic Dart               Conj           0%         1d3       100%        1
 Call Imp                 Summ           0%         N/A       100%        2
 Mephitic Cloud           Conj/Pois/Air  0%         N/A       100%        3


Dungeon Overview and Level Annotations

Branches:
Dungeon (2/15)

Altars:

Shops:
D:1 *


Innate Abilities, Weirdness & Mutations

You cannot be hasted, slowed, berserked, paralysed or teleported.
You can dig through walls and to a lower floor.
You have a pair of large antennae on your head. (SInv)
Your four strong arms can wield two-handed weapons with a shield.


Message History

You are poisoned.
The water moccasin poisons you! The water moccasin bites you.
You take 9 damage, and have 16/30 hp.
MASSIVE DAMAGE!!
You closely miss the water moccasin.
The water moccasin is severely wounded.
You feel very sick.
The water moccasin bites you but does no damage.
You take 3 damage, and have 13/30 hp.
You hit the water moccasin.
The water moccasin is almost dead.
You feel sick. The water moccasin bites you.
* * * LOW HITPOINT WARNING * * *
The water moccasin bites you.
* * * LOW HITPOINT WARNING * * *
You take 10 damage, and have 3/30 hp.
MASSIVE DAMAGE!!
It was a potion of curing.
You feel better.
The water moccasin bites you but does no damage.
You regained 10 hp, and now have 13/30 hp.
You aren't carrying any items that you can evoke.
Unknown command.
Okay, then.
You barely miss the water moccasin.
The water moccasin is almost dead.
The water moccasin barely misses you. The water moccasin bites you.
You take 3 damage, and have 10/30 hp.
You hit the water moccasin but do no damage.
The water moccasin is almost dead.
The water moccasin bites you!
* * * LOW HITPOINT WARNING * * *
The water moccasin bites you but does no damage.
You take 7 damage, and have 3/30 hp.
MASSIVE DAMAGE!!
You miss the water moccasin.
The water moccasin is almost dead.
The water moccasin bites you.
* * * LOW HITPOINT WARNING * * *
You take 1 damage, and have 2/30 hp.
You closely miss the water moccasin.
The water moccasin is almost dead.
The water moccasin bites you.
You die...

## .##. ## .#.. ..
.#.##. .#... .#..#
.#..#
.#..##############
[...............@#
..##.###########S#
.....# ...# ####.#
##..# #.# ...# #.#
##.# #.# .. ..# ##


You could see a water moccasin.

Vanquished Creatures
  3 endoplasms (D:1)
  4 giant cockroaches (D:1)
  A goblin (D:1)
  3 hobgoblins (D:1)
  2 quokkas (D:1)
  6 ball pythons (D:1)
  3 bats (D:1)
  2 frilled lizards (D:1)
  3 kobolds (D:1)
  6 rats (D:1)
33 creatures vanquished.

Vanquished Creatures (others)
  A fungus (D:1)
1 creature vanquished.

Grand Total: 34 creatures vanquished

Notes
Turn   | Place    | Note
-------+----------+-------------------------------------------
     0 | D:1      | gimp the Formicid Monk began the quest for the Orb.
     0 | D:1      | Reached XP level 1. HP: 18/18 MP: 1/1
   189 | D:1      | Reached XP level 2. HP: 19/24 MP: 2/2
   336 | D:1      | Found Rodeekhla's Assorted Antiques.
   771 | D:1      | Reached XP level 3. HP: 22/30 MP: 3/3
   935 | D:1      | Reached skill level 1 in Armour
  1448 | D:2      | You fall into a shaft and drop 2 floors!
  1481 | D:4      | Noticed a water moccasin
  1498 | D:4      | Slain by a water moccasin

Illustrated notes

Levels and vault maps discovered:
D:1:      dpeg_arrival_prison, layout_loops_ring, serial_shops,
          nicolae_shop_temple_entry_statues_fountains,
          chequers_decorated_corner, minmay_tiny_reverse_x
D:2:      layout_rooms, basic_altar
D:4:      layout_basic, uniq_pikel, uniq_crazy_yiuf_cottage

Skill      XL: |  1  2  3 |
---------------+----------+-----
Armour         | 1 |  1.2
Fighting       | |  3.9
Axes           | |  3.5
Dodging        | |  2.6
Stealth        | |  2.4

Action                   || total
-------------------------++-------
Melee: Hand axe          ||   114
  Use: Potion            ||     1
 Stab: Sleeping          ||     6
Armor: Robe              ||    13
       Ring mail         ||    21
       Chain mail        ||    12
Dodge: Dodged            ||    67

Table legend: (Time is in decaauts)
 A = Elapsed time spent in this place.
 B = Non-inter-level travel time spent in this place.
 C = Inter-level travel time spent in this place.
 D = Time resting spent in this place.
 E = Time spent auto-exploring this place.
 F = Levels seen in this place.
 G = Mean time per level.
                   A        B        C        D        E       F      G
               +--------+--------+--------+--------+--------+-----+--------+
         Total |   1512 |   1483 |     29 |      0 |   1160 |   3 |  504.0 |
       Dungeon |   1512 |   1483 |     29 |      0 |   1160 |   3 |  504.0 |
               +--------+--------+--------+--------+--------+-----+--------+

Top non-repeatable levels by time:
     D:1: 1454 daAuts
     D:4: 51 daAuts
     D:2: 6 daAuts
